TOP OF THE 1ST |
Tacoma Rainiers batting - Pitching for Nashville Sounds : RHP Reynaldo Edwards
|
Pitching: RHP Reynaldo Edwards
|
|
Batting: RHB David Aguilar
|
0-0: Called Strike 0-1: Ball 1-1: Ball 2-1: Called Strike 2-2: Strikes out swinging
|
Batting: RHB Sean Peake
|
0-0: Foul Ball, location: 2F 0-1: Called Strike 0-2: SINGLE (Groundball, 5S, EV 69.4 MPH) (infield hit)
|
Batting: RHB Bill Vives
|
0-0: Called Strike 0-1: Ball 1-1: Foul Ball, location: 2F 1-2: Grounds into double play, 5-4-3 (Groundball, 5L, EV 86.2 MPH)
|
Top of the 1st over - 0 runs, 1 hit, 0 errors, 0 left on base; Tacoma 0 - Nashville 0 |
BOTTOM OF THE 1ST |
Nashville Sounds batting - Pitching for Tacoma Rainiers : RHP Joe Pruitt
|
Pitching: RHP Joe Pruitt
|
|
Batting: RHB Robby Godwin
|
0-0: Foul Ball, location: 2F 0-1: Ball 1-1: Ball 2-1: Ball 3-1: Foul Ball, location: 2F 3-2: SINGLE (Groundball, 34D, EV 96.9 MPH)
|
Batting: RHB Adam McGurn
|
0-0: Called Strike 0-1: Ball 1-1: Ball Robby Godwin steals 2nd base 2-1: Ball 3-1: Base on Balls
|
Batting: SHB Bob Morales
|
0-0: Foul Ball, location: 2F 0-1: Swinging Strike 0-2: Ball 1-2: Strikes out swinging
|
Batting: RHB Dusty Thompson
|
0-0: SINGLE (Line Drive, 6MD, EV 98.1 MPH) Robby Godwin to third Adam McGurn to second
|
Batting: LHB Zachary DeLuca
|
0-0: Fielders Choice at 2nd, 6-4 (Groundball, 56, EV 85.0 MPH) Robby Godwin scores Adam McGurn to third
|
Batting: RHB Eduardo Chavez
|
0-0: Called Strike 0-1: Foul Ball, location: 2F 0-2: Ball Zachary DeLuca steals 2nd base 1-2: Ball 2-2: Ball 3-2: Base on Balls
|
Batting: RHB Carlos Lopez
|
0-0: Called Strike 0-1: Ball Wild Pitch! Adam McGurn scores Zachary DeLuca to third Eduardo Chavez to second 1-1: Fly out, F8 (Flyball, 8LM, EV 80.0 MPH)
|
Bottom of the 1st over - 2 runs, 2 hits, 0 errors, 2 left on base; Tacoma 0 - Nashville 2 |
TOP OF THE 2ND |
Tacoma Rainiers batting - Pitching for Nashville Sounds : RHP Reynaldo Edwards
|
Batting: LHB Ryan Lowe
|
0-0: Fly out, F3 (Popup, 34, EV 75.6 MPH)
|
Batting: RHB Tatsunori Hayakawa
|
0-0: Ball 1-0: Foul Ball, location: 2F 1-1: Fly out, F4 (Flyball, 4D, EV 89.4 MPH)
|
Batting: RHB Kevin Chafe
|
0-0: Called Strike 0-1: Called Strike 0-2: Strikes out looking
|
Top of the 2nd over - 0 runs, 0 hits, 0 errors, 0 left on base; Tacoma 0 - Nashville 2 |
BOTTOM OF THE 2ND |
Nashville Sounds batting - Pitching for Tacoma Rainiers : RHP Joe Pruitt
|
Batting: SHB Quincy Bradford
|
0-0: Called Strike 0-1: Fly out, F9 (Line Drive, 9, EV 105.6 MPH)
|
Batting: RHB Dunlang Clark
|
0-0: Ball 1-0: Foul Ball, location: 2F 1-1: Ground out 4-3 (Groundball, 34, EV 80.6 MPH)
|
Batting: RHB Robby Godwin
|
0-0: Called Strike 0-1: Called Strike 0-2: Ball 1-2: Ground out U3 (Groundball, 34, EV 106.9 MPH)
|
Bottom of the 2nd over - 0 runs, 0 hits, 0 errors, 0 left on base; Tacoma 0 - Nashville 2 |
TOP OF THE 3RD |
Tacoma Rainiers batting - Pitching for Nashville Sounds : RHP Reynaldo Edwards
|
Batting: SHB Ismael Bello
|
0-0: Ball 1-0: Ball 2-0: Ground out U3 (Groundball, 3L, EV 103.1 MPH)
|
Batting: RHB Jim Begger
|
0-0: SINGLE (Flyball, 89S, EV 94.4 MPH)
|
Batting: SHB Tony de Lara
|
0-0: Ball 1-0: Ball 2-0: Foul Ball, location: 2F 2-1: 2-RUN HOME RUN (Flyball, 9D, EV 95.0 MPH), Distance : 375 ft
|
Batting: RHB David Aguilar
|
0-0: Called Strike 0-1: Ball 1-1: Ball 2-1: Ground out 5-3 (Groundball, 56, EV 90.0 MPH)
|
Batting: RHB Sean Peake
|
0-0: Swinging Strike 0-1: Fly out, F9 (Flyball, 89M, EV 81.2 MPH)
|
Top of the 3rd over - 2 runs, 2 hits, 0 errors, 0 left on base; Tacoma 2 - Nashville 2 |
BOTTOM OF THE 3RD |
Nashville Sounds batting - Pitching for Tacoma Rainiers : RHP Joe Pruitt
|
Batting: RHB Adam McGurn
|
0-0: Ball 1-0: Ball 2-0: Ball 3-0: Called Strike 3-1: Base on Balls
|
Batting: SHB Bob Morales
|
0-0: Ball 1-0: Ball 2-0: Foul Ball, location: 2F 2-1: Fielders Choice at 2nd, 1-6 (Groundball, 13S, EV 70.0 MPH)
|
Batting: RHB Dusty Thompson
|
0-0: DOUBLE (Line Drive, 89XD, EV 97.5 MPH) Bob Morales to third Runner from 3rd tries for Home, SAFE, throw by CF to trailing runner, SAFE at third!
|
Batting: LHB Zachary DeLuca
|
0-0: Ball 1-0: Foul Ball, location: 2F 1-1: Foul Ball, location: 2F 1-2: Fly out, F7 (Flyball, 78D, EV 105.0 MPH)
|
Batting: RHB Eduardo Chavez
|
0-0: Ball 1-0: SINGLE (Groundball, 56, EV 94.4 MPH) (infield hit) Dusty Thompson scores
|
Batting: RHB Carlos Lopez
|
0-0: Ball 1-0: Called Strike 1-1: Called Strike 1-2: Fly out, F5 (Flyball, 5D, EV 88.1 MPH)
|
Bottom of the 3rd over - 2 runs, 2 hits, 0 errors, 1 left on base; Tacoma 2 - Nashville 4 |
TOP OF THE 4TH |
Tacoma Rainiers batting - Pitching for Nashville Sounds : RHP Reynaldo Edwards
|
Batting: RHB Bill Vives
|
0-0: Ball 1-0: Foul Ball, location: 2F 1-1: Hit by Pitch
|
Batting: LHB Ryan Lowe
|
0-0: Called Strike 0-1: Ball 1-1: Swinging Strike 1-2: Ball 2-2: Ball 3-2: Foul Ball, location: 2F 3-2: Strikes out swinging
|
Batting: RHB Tatsunori Hayakawa
|
0-0: Called Strike 0-1: Ball 1-1: Ball 2-1: Ball 3-1: Swinging Strike 3-2: Fly out, F9 (Line Drive, 9LM, EV 113.1 MPH)
|
Batting: RHB Kevin Chafe
|
0-0: Foul Ball, location: 2F 0-1: Ball 1-1: Fielders Choice at 2nd, 6-4 (Groundball, 6, EV 90.6 MPH)
|
Top of the 4th over - 0 runs, 0 hits, 0 errors, 1 left on base; Tacoma 2 - Nashville 4 |
BOTTOM OF THE 4TH |
Nashville Sounds batting - Pitching for Tacoma Rainiers : RHP Joe Pruitt
|
Batting: SHB Quincy Bradford
|
0-0: Called Strike 0-1: Swinging Strike 0-2: SINGLE (Line Drive, 4M, EV 96.2 MPH)
|
Batting: RHB Dunlang Clark
|
0-0: Ball 1-0: Ball 2-0: Swinging Strike 2-1: SINGLE (Groundball, 25, EV 67.5 MPH) (infield hit) Quincy Bradford to second
|
Batting: RHB Robby Godwin
|
0-0: Ball 1-0: Foul Ball, location: 2F 1-1: Called Strike 1-2: Ball 2-2: Foul Ball, location: 2F 2-2: SINGLE (Groundball, 34D, EV 100.6 MPH) Quincy Bradford to third Dunlang Clark to second
|
Batting: RHB Adam McGurn
|
0-0: Ball 1-0: Ball 2-0: Ball 3-0: Called Strike 3-1: Called Strike 3-2: Base on Balls Quincy Bradford scores Dunlang Clark to third Robby Godwin to second
|
Pitching: RHP Dan Dowdle
|
|
Batting: SHB Bob Morales
|
0-0: Ball Wild Pitch! Dunlang Clark scores Robby Godwin to third Adam McGurn to second 1-0: Called Strike 1-1: Ball 2-1: Called Strike 2-2: Fly out, F4 (Popup, 13S, EV 86.9 MPH)
|
Batting: RHB Dusty Thompson
|
0-0: Called Strike 0-1: Swinging Strike 0-2: Strikes out swinging
|
Batting: LHB Zachary DeLuca
|
0-0: Foul Ball, location: 2F 0-1: Ground out 4-3 (Groundball, 34D, EV 108.8 MPH)
|
Bottom of the 4th over - 2 runs, 3 hits, 0 errors, 2 left on base; Tacoma 2 - Nashville 6 |
TOP OF THE 5TH |
Tacoma Rainiers batting - Pitching for Nashville Sounds : RHP Reynaldo Edwards
|
Batting: SHB Ismael Bello
|
0-0: Ball 1-0: Foul Ball, location: 2F 1-1: Ball 2-1: Called Strike 2-2: Foul Ball, location: 2F 2-2: Ground out 5-3 (Groundball, 5, EV 103.8 MPH)
|
Batting: RHB Jim Begger
|
0-0: Ball 1-0: SINGLE (Groundball, 56S, EV 61.9 MPH) (infield hit)
|
Batting: SHB Tony de Lara
|
0-0: Ball Jim Begger steals 2nd base 1-0: Swinging Strike 1-1: Fly out, F1 (Line Drive, P, EV 68.8 MPH)
|
Batting: RHB David Aguilar
|
0-0: Called Strike 0-1: Ground out 5-3 (Groundball, 56, EV 80.6 MPH)
|
Top of the 5th over - 0 runs, 1 hit, 0 errors, 1 left on base; Tacoma 2 - Nashville 6 |
BOTTOM OF THE 5TH |
Nashville Sounds batting - Pitching for Tacoma Rainiers : RHP Dan Dowdle
|
Batting: RHB Eduardo Chavez
|
0-0: Called Strike 0-1: Foul Ball, location: 2F 0-2: Ball 1-2: Foul Ball, location: 2F 1-2: Fly out, F9 (Flyball, 89D, EV 99.4 MPH)
|
Batting: RHB Carlos Lopez
|
0-0: SINGLE (Line Drive, 78S, EV 97.5 MPH)
|
Batting: SHB Quincy Bradford
|
0-0: Called Strike 0-1: Foul Ball, location: 2F 0-2: Fly out, F8 (Line Drive, 8RD, EV 89.4 MPH)
|
Batting: RHB Dunlang Clark
|
0-0: Ball 1-0: Called Strike 1-1: Called Strike 1-2: Fly out, F9 (Line Drive, 9D, EV 93.1 MPH)
|
Bottom of the 5th over - 0 runs, 1 hit, 0 errors, 1 left on base; Tacoma 2 - Nashville 6 |
TOP OF THE 6TH |
Tacoma Rainiers batting - Pitching for Nashville Sounds : RHP Reynaldo Edwards
|
Batting: RHB Sean Peake
|
0-0: Called Strike 0-1: Ground out 5-3 (Groundball, 56, EV 98.8 MPH)
|
Batting: RHB Bill Vives
|
0-0: Called Strike 0-1: Called Strike 0-2: Foul Ball, location: 2F 0-2: Ball 1-2: Ball 2-2: Ball 3-2: DOUBLE (Groundball, 3L, EV 100.6 MPH)
|
Batting: LHB Ryan Lowe
|
0-0: Called Strike 0-1: Ball 1-1: Ball 2-1: Foul Ball, location: 2F 2-2: Strikes out looking
|
Batting: RHB Tatsunori Hayakawa
|
0-0: Ball 1-0: Foul Ball, location: 2F 1-1: Foul Ball, location: 2F 1-2: Fly out, F4 (Popup, 3S, EV 79.4 MPH)
|
Top of the 6th over - 0 runs, 1 hit, 0 errors, 1 left on base; Tacoma 2 - Nashville 6 |
BOTTOM OF THE 6TH |
Nashville Sounds batting - Pitching for Tacoma Rainiers : RHP Dan Dowdle
|
Batting: RHB Robby Godwin
|
0-0: Ball 1-0: Ball 2-0: Ball 3-0: Called Strike 3-1: Called Strike 3-2: Strikes out looking
|
Batting: RHB Adam McGurn
|
0-0: Ball 1-0: Ball 2-0: SINGLE (Line Drive, 8LS, EV 105.6 MPH)
|
Batting: SHB Bob Morales
|
0-0: Ball 1-0: Ball 2-0: Swinging Strike 2-1: Ball 3-1: Reached on error, E5 (Popup, 5, EV 73.1 MPH) Adam McGurn to second
|
Batting: RHB Dusty Thompson
|
0-0: Swinging Strike 0-1: DOUBLE (Flyball, 8LXD, EV 91.2 MPH) Adam McGurn scores Bob Morales to third
|
Batting: LHB Zachary DeLuca
|
0-0: Called Strike 0-1: Fly out, F5 (Popup, 15, EV 79.4 MPH)
|
Batting: RHB Eduardo Chavez
|
0-0: Called Strike 0-1: Foul Ball, location: 2F 0-2: Ball 1-2: Ball 2-2: Foul Ball, location: 2F 2-2: Ground out 1-3 (Groundball, 34S, EV 71.2 MPH)
|
Bottom of the 6th over - 1 run, 2 hits, 1 error, 2 left on base; Tacoma 2 - Nashville 7 |
TOP OF THE 7TH |
Tacoma Rainiers batting - Pitching for Nashville Sounds : RHP Reynaldo Edwards
|
Batting: RHB Kevin Chafe
|
0-0: Ball 1-0: Called Strike 1-1: Foul Ball, location: 2F 1-2: Ball 2-2: Foul Ball, location: 2F 2-2: Strikes out swinging
|
Batting: SHB Ismael Bello
|
0-0: Called Strike 0-1: Ball 1-1: Ball 2-1: Foul Ball, location: 2F 2-2: Ground out 6-3 (Groundball, 6, EV 86.2 MPH)
|
Batting: RHB Jim Begger
|
0-0: Swinging Strike 0-1: Ball 1-1: Called Strike 1-2: Ground out 6-3 (Groundball, 6, EV 78.8 MPH)
|
Top of the 7th over - 0 runs, 0 hits, 0 errors, 0 left on base; Tacoma 2 - Nashville 7 |
BOTTOM OF THE 7TH |
Nashville Sounds batting - Pitching for Tacoma Rainiers : RHP Dan Dowdle
|
Pitching: RHP Kenzaburo Yoneyama
|
|
Batting: RHB Carlos Lopez
|
0-0: Swinging Strike 0-1: Foul Ball, location: 2F 0-2: Ball 1-2: Strikes out swinging
|
Batting: SHB Quincy Bradford
|
0-0: Ground out U3 (Groundball, 3, EV 101.2 MPH)
|
Batting: RHB Dunlang Clark
|
0-0: Swinging Strike 0-1: Ground out 4-3 (Groundball, 4S, EV 86.2 MPH)
|
Bottom of the 7th over - 0 runs, 0 hits, 0 errors, 0 left on base; Tacoma 2 - Nashville 7 |
TOP OF THE 8TH |
Tacoma Rainiers batting - Pitching for Nashville Sounds : RHP Reynaldo Edwards
|
Batting: SHB Tony de Lara
|
0-0: DOUBLE (Line Drive, 7LD, EV 100.0 MPH)
|
Batting: RHB David Aguilar
|
0-0: Ball 1-0: Ball 2-0: Called Strike 2-1: Ground out 6-3 (Groundball, 6, EV 85.0 MPH) Tony de Lara to third
|
Pitching: RHP Allen Vesey
|
|
Batting: RHB Sean Peake
|
0-0: Ball 1-0: Ground out U3 (Groundball, 34, EV 81.9 MPH) Tony de Lara scores
|
Batting: RHB Bill Vives
|
0-0: Swinging Strike 0-1: Ball 1-1: Called Strike 1-2: Ball 2-2: Ball 3-2: Strikes out swinging
|
Top of the 8th over - 1 run, 1 hit, 0 errors, 0 left on base; Tacoma 3 - Nashville 7 |
BOTTOM OF THE 8TH |
Nashville Sounds batting - Pitching for Tacoma Rainiers : RHP Kenzaburo Yoneyama
|
Batting: RHB Robby Godwin
|
0-0: Ball 1-0: Ball 2-0: Foul Ball, location: 2F 2-1: Ball 3-1: SINGLE (Line Drive, 34D, EV 98.1 MPH)
|
Batting: RHB Adam McGurn
|
0-0: Fly out, F7 (Flyball, 7LM, EV 91.9 MPH) Runner from 1st tags up, SAFE at 2nd
|
Batting: SHB Bob Morales
|
0-0: Foul Ball, location: 2F 0-1: Foul Ball, location: 2F 0-2: Ball 1-2: Strikes out swinging
|
Batting: RHB Dusty Thompson
|
0-0: Ball 1-0: Called Strike Robby Godwin steals 3rd base 1-1: Ball 2-1: Foul Ball, location: 2F 2-2: Ball 3-2: Fly out, F8 (Line Drive, 8RM, EV 90.0 MPH)
|
Bottom of the 8th over - 0 runs, 1 hit, 0 errors, 1 left on base; Tacoma 3 - Nashville 7 |
TOP OF THE 9TH |
Tacoma Rainiers batting - Pitching for Nashville Sounds : RHP Allen Vesey
|
Batting: LHB Ryan Lowe
|
0-0: Called Strike 0-1: Called Strike 0-2: Ball 1-2: Fly out, F7 (Flyball, 7S, EV 95.0 MPH)
|
Batting: RHB Tatsunori Hayakawa
|
0-0: Called Strike 0-1: Swinging Strike 0-2: Strikes out looking
|
Batting: RHB Kevin Chafe
|
0-0: Ground out 5-3 (Groundball, 56S, EV 77.5 MPH)
|
Top of the 9th over - 0 runs, 0 hits, 0 errors, 0 left on base; Tacoma 3 - Nashville 7 |
|